 Dungeon Crawl Stone Soup version 0.21.1-1-g345015f (webtiles) character file.

795 suicidejoker the Archer (level 7, -10/59 HPs)
             Began as a Minotaur Hunter on Apr 18, 2018.
             Was a Follower of Okawaru.
             Mangled by Jake16's ghost (15 damage)
             ... on level 5 of the Dungeon.
             The game lasted 00:11:06 (5009 turns).

suicidejoker the Archer (Minotaur Hunter)           Turns: 5009, Time: 00:11:07

Health: -10/59     AC:  6    Str: 18    XL:     7   Next: 58%
Magic:  7/7        EV: 12    Int:  8    God:    Okawaru [*.....]
Gold:   327        SH:  0    Dex: 11    Spells: 6/6 levels left

rFire    . . .     SeeInvis .   a - +1 shortbow
rCold    . . .     Gourm    .   (shield currently unavailable)
rNeg     . . .     Faith    .   c - +0 leather armour
rPois    .         Spirit   .   (helmet restricted)
rElec    .         Reflect  .   B - +0 cloak
rCorr    .         Harm     .   (no gloves)
MR       .....                  (no boots)
Stlth    +.........             (no amulet)
HPRegen  0.19/turn              z - ring of flight
MPRegen  0.10/turn              (no ring)

@: no status effects
A: retaliatory headbutt, horns 2, thin metallic scales 1, evolution 2
a: Heroism, Renounce Religion, Evoke Flight


You were on level 5 of the Dungeon.
You worshipped Okawaru.
Okawaru was aware of your devotion.
You were hungry.

You visited 1 branch of the dungeon, and saw 5 of its levels.

You collected 327 gold pieces.

Inventory:

Hand Weapons
 a - a +1 shortbow (weapon)
 b - a +0 short sword
 k - a +4 short sword
 q - a +3 dagger
 C - a +1 dagger of venom
Missiles
 d - 10 arrows (quivered)
 i - 3 tomahawks of returning
 p - 80 stones
 u - a throwing net
Armour
 c - a +0 leather armour (worn)
 B - a +0 cloak (worn)
Jewellery
 z - a ring of flight (left hand)
Wands
 s - a wand of clouds (4)
 x - a wand of random effects (73)
Scrolls
 e - 5 scrolls of remove curse {unknown}
 g - a scroll of random uselessness {unknown}
 j - a scroll of teleportation {unknown}
 l - a scroll of enchant weapon {unknown}
 n - 8 scrolls of identify {unknown}
 t - 2 scrolls of fog {unknown}
 v - a scroll of fear {unknown}
 y - a scroll of enchant armour {unknown}
Potions
 m - a potion of brilliance
 r - a potion of lignification
 A - a potion of haste
Comestibles
 f - 9 rations


   Skills:
 + Level 4.1 Fighting
 - Level 0.1 Short Blades
 * Level 8.8 Bows
 + Level 3.0 Armour
 + Level 3.1 Dodging
 - Level 0.7 Stealth
 * Level 1.5 Invocations


You had 6 spell levels left.
You didn't know any spells.

Dungeon Overview and Level Annotations

Branches:
Dungeon (5/15)
 Temple: D:4-7

Altars:
Gozag
Makhleb
Okawaru
Vehumet

Shops:
D:4 }

Annotations:
D:5 Jake16's ghost, novice MiFi


Innate Abilities, Weirdness & Mutations

You reflexively headbutt those who attack you in melee.
You have a pair of horns on your head.
You are partially covered in thin metallic scales. (AC +2)
You rapidly evolve.


Message History

Firing (i - inventory. (,) - cycle):
d - 13 arrows (quivered)
Press: ? - help, Shift-Dir - straight line, f/p - Jake16's ghost
Aim: Jake16's ghost (almost destroyed)
You shoot an arrow.
The arrow hits Jake16's ghost but does no damage.
Jake16's ghost is almost destroyed.
Firing (i - inventory. (,) - cycle):
d - 12 arrows (quivered)
Press: ? - help, Shift-Dir - straight line, f/p - Jake16's ghost
Aim: Jake16's ghost (almost destroyed)
You shoot an arrow.
The arrow hits Jake16's ghost but does no damage.
Jake16's ghost is almost destroyed.
Jake16's ghost hits you.
* * * LOW HITPOINT WARNING * * *
Firing (i - inventory. (,) - cycle):
d - 11 arrows (quivered)
Press: ? - help, Shift-Dir - straight line, f/p - Jake16's ghost
Aim: Jake16's ghost (almost destroyed)
You shoot an arrow. The arrow barely misses Jake16's ghost.
Jake16's ghost hits you!
You die...

###
#.################
#.................
#.################
#(# #@# #W# #(#
#(# .......(#
.......(.
........#.
#####..(..# .....
#


You could see Jake16's ghost.

Vanquished Creatures
  The ghost of Sydrian the Cleaver, an amateur GnWn (D:4)
  2 ogres
  Blork the orc (D:5)
  The ghost of IAmLegend20 the Slasher, a weakling DrWn of Makhleb (D:3)
  2 howler monkeys (D:5)
  A crimson imp (D:4)
  Crazy Yiuf (D:3)
  An orc wizard (D:4)
  9 gnolls
  6 adders
  2 worms (D:3)
  4 dart slugs
  3 leopard geckos (D:1)
  7 orcs
  A ball python (D:2)
  2 giant cockroaches
  7 goblins
  5 hobgoblins
  3 jackals (D:2)
  9 kobolds
  A quokka (D:4)
  7 bats
  2 frilled lizards
  6 rats
84 creatures vanquished.

Notes
Turn   | Place    | Note
-------+----------+-------------------------------------------
     0 | D:1      | suicidejoker the Minotaur Hunter began the quest for the Orb.
     0 | D:1      | Reached XP level 1. HP: 18/18 MP: 0/0
    84 | D:1      | Reached XP level 2. HP: 25/25 MP: 1/1
   102 | D:1      | Reached skill level 5 in Bows
   359 | D:1      | Reached XP level 3. HP: 30/30 MP: 2/2
  1592 | D:2      | Reached XP level 4. HP: 37/37 MP: 3/3
  1748 | D:2      | Reached skill level 6 in Bows
  2235 | D:3      | Noticed IAmLegend20's ghost (weakling DrWn)
  2271 | D:3      | Killed IAmLegend20's ghost
  2271 | D:3      | Reached skill level 1 in Armour
  2271 | D:3      | Reached XP level 5. HP: 20/45 MP: 4/4
  2688 | D:3      | Found a runed door.
  2777 | D:3      | Found a radiant altar of Vehumet.
  2786 | D:3      | Found an opulent altar of Gozag.
  2791 | D:3      | Found an iron altar of Okawaru.
  3002 | D:3      | Became a worshipper of Warmaster Okawaru
  3063 | D:3      | Noticed Crazy Yiuf
  3081 | D:3      | Killed Crazy Yiuf
  3227 | D:4      | Found Iceit's Gadget Shoppe.
  3263 | D:4      | Noticed Sydrian's ghost (amateur GnWn)
  3265 | D:4      | Gained mutation: You are frail. (-10% HP) [potion of mutation]
  3265 | D:4      | Gained mutation: You have a pair of large horns on your head. [potion of mutation]
  3290 | D:4      | Killed Sydrian's ghost
  3290 | D:4      | Reached skill level 7 in Bows
  3290 | D:4      | Reached XP level 6. HP: 45/45 MP: 5/5
  3615 | D:4      | Lost mutation: You are frail. (-10% HP) [potion of mutation]
  3615 | D:4      | Lost mutation: You have a pair of large horns on your head. [potion of mutation]
  3615 | D:4      | Gained mutation: You evolve. [potion of mutation]
  3615 | D:4      | Gained mutation: You are partially covered in thin metallic scales. (AC +2) [potion of mutation]
  3615 | D:4      | Gained mutation: You rapidly evolve. [potion of mutation]
  4325 | D:4      | Found a burning altar of Makhleb.
  4366 | D:4      | Reached skill level 8 in Bows
  4409 | D:4      | Reached XP level 7. HP: 58/58 MP: 6/6
  4573 | D:4      | Reached * piety under Okawaru
  4800 | D:5      | Entered Level 5 of the Dungeon
  4807 | D:5      | Noticed Blork the orc
  4817 | D:5      | Killed Blork the orc
  4905 | D:5      | Reached skill level 1 in Invocations
  4980 | D:5      | Noticed Jake16's ghost (novice MiFi)
  5009 | D:5      | Mangled by Jake16's ghost

Skill      XL: |  1  2  3  4  5  6  7 |
---------------+----------------------+-----
Bows           | 5 6 7 8 |  8.8
Fighting       | 3 4 |  4.1
Armour         | 1 2 3 |  3.0
Dodging        | 3 |  3.1
Invocations    | 1 |  1.5
Short Blades   | |  0.1
Stealth        | |  0.7

Action                   |  1- 3 |  4- 6 |  7- 9 || total
-------------------------+-------+-------+-------++-------
Melee: Short sword       |     9 |       |       ||     9
       Headbutt          |     1 |       |       ||     1
 Fire: Shortbow          |    91 |   180 |    59 ||   330
  Use: Potion            |     1 |    10 |     2 ||    13
  Eat: Chunk             |     1 |     5 |     2 ||     8
       Ration            |       |     1 |       ||     1
Armor: Leather armour    |     3 |    15 |     4 ||    22
       Skin              |       |    10 |       ||    10
Dodge: Dodged            |    26 |    46 |    12 ||    84
